 Dungeon Crawl Stone Soup version 0.16.1-14-g82efdee (webtiles) character file.

7308 jacksonaction the Devastator (level 10, 0/50 HPs)
             Began as a Deep Elf Conjurer on Apr 12, 2015.
             Was a Follower of Vehumet.
             Slain by Fannar
             ... wielding a +0 quarterstaff of freezing
              (2 damage)
             ... on level 1 of the Lair of Beasts on Apr 13, 2015.
             The game lasted 01:29:19 (13770 turns).

jacksonaction the Devastator (Deep Elf Conjurer)   Turns: 13770, Time: 01:29:19

Health: 0/50       AC:  5    Str:  5    XL:     10   Next: 90%
Magic:  16/28      EV: 14    Int: 24    God:    Vehumet [*.....]
Gold:   184        SH:  0    Dex: 15    Spells: 3 memorised, 13 levels left

rFire  . . .     SeeInvis .     I - +0 blowgun (curse)
rCold  . . .     Clarity  .     a - +0 robe
rNeg   . . .     SustAb   .     (no shield)
rPois  .         Gourm    .     (no helmet)
rElec  .         Spirit   .     K - +0 cloak
rCorr  .         Warding  .     v - +0 pair of gloves
rMut   .         Stasis   .     o - +0 pair of boots (curse)
MR     +....                    (no amulet)
Stlth  ++........               (no ring)
                                (no ring)

@: somewhat resistant to hostile enchantments, unstealthy
A: no striking features
a: Renounce Religion


You were on level 1 of the Lair of Beasts.
You worshipped Vehumet.
Vehumet was aware of your devotion.
You were very hungry.

You visited 3 branches of the dungeon, and saw 10 of its levels.
You also visited: Labyrinth.

You collected 518 gold pieces.
You spent 334 gold pieces at shops.

Inventory:

Hand weapons
 i - a +5 flail of protection
 u - a +2 vampiric short sword
 I - a cursed +0 blowgun (weapon)
Missiles
 y - 3 javelins
 C - 14 needles of confusion (quivered)
 F - 40 poisoned needles
Armour
 a - a +0 robe (worn)
 o - a cursed +0 pair of boots (worn)
 v - a +0 pair of gloves (worn)
 K - a +0 cloak (worn)
Rods
 S - a +3 lightning rod (14/14)
   (You found it in a labyrinth)
Jewellery
 k - an uncursed ring of sustain abilities {unknown}
 r - an uncursed ring of ice {unknown}
 L - a +3 ring of strength {unknown}
 N - a +2 ring of slaying {unknown}
 O - an uncursed ring of protection from fire {unknown}
 U - a +3 ring of intelligence {unknown}
 X - an uncursed amulet of resist mutation {unknown}
 Y - an uncursed ring of protection from magic {unknown}
Magical devices
 t - a wand of frost (32)
 E - a wand of flame (21)
 T - a wand of flame (0)
 V - a wand of paralysis (16)
 Z - a wand of polymorph (9)
Scrolls
 f - 4 scrolls of magic mapping
 h - 4 scrolls of identify
 n - 3 scrolls of amnesia
 p - 2 scrolls of fear
 w - 6 scrolls of teleportation
 x - 4 scrolls of enchant armour
 z - a scroll of remove curse {unknown}
 A - a scroll of noise {unknown}
 J - 2 scrolls of enchant weapon {unknown}
 Q - 3 scrolls of recharging {unknown}
 W - a scroll of brand weapon {unknown}
Potions
 e - 2 potions of might {unknown}
 g - 3 potions of invisibility {unknown}
 j - 3 potions of poison {unknown}
 l - a potion of lignification {unknown}
 q - 3 potions of restore abilities
 B - 3 potions of agility {unknown}
 D - 2 potions of berserk rage {unknown}
 G - a potion of mutation {unknown}
 M - 2 potions of haste
 P - 2 potions of heal wounds {unknown}
 R - a potion of brilliance {unknown}
Comestibles
 b - 10 bread rations
 d - 6 meat rations
 m - 7 fruits


   Skills:
 - Level 4.0 Dodging
 - Level 2.4 Stealth
 + Level 6.3 Spellcasting
 - Level 16.0 Conjurations
 - Level 6.1 Charms
 - Level 3.3 Evocations


You had 13 spell levels left.
You knew the following spells:

 Your Spells              Type           Power        Failure   Level  Hunger
a - Magic Dart            Conj           ####         0%          1    None
b - Searing Ray           Conj           ######       0%          2    None
c - Iskenderun's Battles  Conj/Chrm      ######..     2%          5    #####..


Dungeon Overview and Level Annotations

Branches:
Dungeon (8/15)             Temple (1/1) D:6            Lair (1/8) D:8

Altars:
Ashenzari
Cheibriados
Dithmenos
Elyvilon
Fedhas
Gozag
Kikubaaqudgha
Makhleb
Nemelex Xobeh
Okawaru
Qazlal
Ru
Sif Muna
Trog
Vehumet
Xom
Yredelemnul
Zin
The Shining One

Shops:
D:4 *

Annotations:
D:7 exclusion: oklob plant
Lair:1 Fannar


Message History

Drink which item? (? for menu, Esc to quit)
Okay, then.
Firing (i - inventory. (,) - cycle):
C - 15 needles of confusion (quivered)
Press: ? - help, Shift-Dir - straight line, f/p - Fannar
Aim: Fannar, wielding a quarterstaff of freezing, wearing a robe of cold resistance and wearing a ring of ice (severely wounded, covered in an icy film, protected by a disc of dense vapour)
You shoot a needle of confusion.
Fannar blocks the needle of confusion.
Fannar casts a spell.
Read which item? (? for menu, Esc to quit)
Okay, then.
Casting: Magic Dart
Confirm with . or Enter, or press ? or * to list all spells.
Aiming: Searing Ray
Press: ? - help, Shift-Dir - straight line, f/p - Fannar
Aim: Fannar, wielding a quarterstaff of freezing, wearing a robe of cold resistance and wearing a ring of ice (severely wounded, covered in an icy film, protected by a disc of dense vapour)
The searing ray hits Fannar.
Fannar is severely wounded.
Fannar hits you with a quarterstaff of freezing.
* * * LOW HITPOINT WARNING * * *
Fannar freezes you.
You die...

##
#................##........ #
##............###.###.....#)
#............## #####.......
###...........#.# #.........
#.............### ##.....###
###...###.......## ##..####
##..).####........# ##....#
.....#.##..÷....e.#####...#.#
....#####.......@Y..#...#####
....####...............##
....#.#......#§........#
............##........##
...........###........#
...........##.........##
.......................##
#................##.....#
#..............#.###...##


You could see Fannar and an ice beast.

Vanquished Creatures
  A minotaur (Lab)
  The ghost of digdugdiggy the Cleaver, an experienced HOFi (D:6)
  Prince Ribbit (Lair:1)
  A two-headed ogre (D:8)
  2 blink frogs (Lair:1)
  6 yaks (D:8)
  A shadow (Lab)
  A hippogriff (Lair:1)
  5 wolves (Lair:1)
  A soldier ant (D:8)
  Edmund (D:4)
  Menkaure (D:6)
  A porcupine (Lair:1)
  2 water moccasins
  An ice beast (D:5)
  2 orc warriors
  A sky beast (D:8)
  3 ogres
  A necrophage (D:5)
  Duvessa (D:5)
  A centaur (D:7)
  6 crocodiles
  3 giant frogs
  A wyvern zombie (D:8)
  A wyvern skeleton (D:7)
  A goliath beetle (D:8)
  Dowan (D:5)
  6 crimson imps
  A giant frog skeleton (D:7)
  A jelly (D:7)
  An orc priest (D:5)
  4 hounds
  3 centaur skeletons
  An iguana (Lair:1)
  A quasit (D:8)
  4 orc wizards
  7 sheep (Lair:1)
  9 worker ants
  A killer bee zombie (D:8)
  A hound zombie (D:5)
  13 adders
  4 giant mites
  A shadow imp (D:8)
  4 worms
  4 giant geckos
  29 orcs
  2 ball pythons
  14 bats
  A bat skeleton (D:6)
  A bat zombie (D:5)
  4 giant cockroaches
  12 hobgoblins
  7 jackals
  13 kobolds
  A giant gecko skeleton (D:4)
  5 giant newts
  A giant spore (D:8)
  9 goblins
  4 quokkas
  A quokka zombie (D:5)
  13 rats
  17 ballistomycetes (D:8)
248 creatures vanquished.

Vanquished Creatures (others)
  A scorpion (D:8)
  An orc priest (D:8)
  2 orcs (D:8)
  A giant spore (D:8)
  A ballistomycete (D:8)
  A fungus (D:8)
7 creatures vanquished.

Grand Total: 255 creatures vanquished

Notes
Turn   | Place    | Note
--------------------------------------------------------------
     0 | D:1      | jacksonaction, the Deep Elf Conjurer, began the quest for the Orb.
     0 | D:1      | Reached XP level 1. HP: 10/10 MP: 5/5
   283 | D:1      | Reached XP level 2. HP: 15/15 MP: 4/8
   298 | D:1      | Reached skill level 5 in Conjurations
   990 | D:2      | Reached XP level 3. HP: 19/19 MP: 0/10
  1367 | D:2      | Reached skill level 6 in Conjurations
  1799 | D:3      | Reached XP level 4. HP: 24/24 MP: 6/13
  2195 | D:3      | Found a stormy altar of Qazlal.
  2196 | D:3      | Found a blossoming altar of Fedhas.
  2505 | D:3      | Reached skill level 7 in Conjurations
  2505 | D:3      | Reached XP level 5. HP: 28/28 MP: 14/16
  2512 | D:3      | Learned a level 5 spell: Iskenderun's Battlesphere
  2860 | D:4      | Found Thuvvopu's General Store.
  2872 | D:4      | Bought a potion of restore abilities for 55 gold pieces
  2872 | D:4      | Bought a scroll of teleportation for 33 gold pieces
  2872 | D:4      | Bought a scroll of magic mapping for 38 gold pieces
  2872 | D:4      | Bought a potion of curing for 33 gold pieces
  2872 | D:4      | Bought a scroll of immolation for 38 gold pieces
  2885 | D:4      | You fall through a shaft for 2 floors!
  2885 | D:6      | Noticed Edmund
  2898 | D:5      | Entered Level 5 of the Dungeon
  2910 | D:5      | Noticed a necrophage
  3405 | D:4      | Found a shadowy altar of Dithmenos.
  3814 | D:5      | Noticed an ice beast
  3990 | D:5      | Reached skill level 8 in Conjurations
  3990 | D:5      | Reached XP level 6. HP: 32/32 MP: 14/18
  4024 | D:5      | Reached skill level 1 in Charms
  4050 | D:5      | Noticed Duvessa
  4371 | D:5      | Killed a necrophage
  4438 | D:5      | Reached skill level 5 in Spellcasting
  4443 | D:5      | Reached XP level 7. HP: 36/36 MP: 6/22
  4726 | D:5      | Noticed a wyvern
  5180 | D:4      | Killed Edmund
  5466 | D:5      | Killed an ice beast
  5466 | D:5      | Reached skill level 9 in Conjurations
  5633 | D:6      | Noticed digdugdiggy's ghost (experienced HOFi)
  5858 | D:7      | Reached skill level 10 in Conjurations
  5895 | D:7      | Reached XP level 8. HP: 41/41 MP: 14/24
  6389 | D:7      | Found an opulent altar of Gozag.
  6392 | D:7      | Noticed an oklob plant
  6803 | D:8      | HP: 2/41 [poisoned by a water moccasin]
  6811 | D:8      | HP: 1/41 [poisoned by a water moccasin]
  7313 | D:8      | Reached skill level 11 in Conjurations
  7327 | D:8      | Reached skill level 5 in Charms
  7513 | D:8      | Found a shimmering altar of Xom.
  7884 | D:8      | Reached XP level 9. HP: 45/45 MP: 18/26
  7965 | D:8      | Found a staircase to the Lair.
  7992 | D:8      | Noticed a two-headed ogre
  7996 | D:8      | Killed a two-headed ogre
  8109 | D:8      | Reached skill level 12 in Conjurations
  8703 | D:8      | Found an ancient bone altar of Kikubaaqudgha.
  8703 | D:8      | Found a glowing golden altar of the Shining One.
  8703 | D:8      | Found an iron altar of Okawaru.
  9038 | D:8      | Reached skill level 13 in Conjurations
  9049 | D:7      | Found a sacrificial altar of Ru.
  9168 | D:6      | Noticed Menkaure
  9173 | D:6      | Killed Menkaure
  9457 | D:6      | Found a staircase to the Ecumenical Temple.
  9466 | Temple   | Entered the Ecumenical Temple
  9881 | D:6      | Noticed an ogre
  9894 | D:6      | Killed an ogre
 10028 | D:6      | Found a burning altar of Makhleb.
 10029 | D:6      | Found a radiant altar of Vehumet.
 10039 | D:6      | Became a worshipper of Vehumet
 10101 | D:6      | Killed digdugdiggy's ghost
 10101 | D:6      | Reached skill level 14 in Conjurations
 10487 | D:5      | Noticed Dowan
 10496 | D:5      | Killed Dowan
 10552 | D:5      | HP: 1/45 [Duvessa/short sword (14)]
 10554 | D:5      | Killed Duvessa
 10896 | D:4      | Bought a potion of haste for 110 gold pieces
 10896 | D:4      | Bought 5 needles of confusion for 27 gold pieces
 10981 | D:8      | Reached XP level 10. HP: 50/50 MP: 21/28
 11343 | D:8      | Found an opulent altar of Gozag.
 11343 | D:8      | Found a snail-covered altar of Cheibriados.
 11376 | Lair:1   | Entered Level 1 of the Lair of Beasts
 11407 | Lair:1   | Noticed Prince Ribbit
 11497 | Lair:1   | Killed Prince Ribbit
 11504 | Lair:1   | Reached skill level 15 in Conjurations
 11818 | Lair:1   | Found a labyrinth entrance.
 11828 | Lab      | Entered a labyrinth
 12907 | Lab      | Learned a level 2 spell: Searing Ray
 12912 | Lab      | Noticed a minotaur
 12920 | Lab      | Killed a minotaur
 13094 | Lair:1   | Reached skill level 16 in Conjurations
 13101 | Lair:1   | Reached skill level 1 in Evocations
 13152 | Lair:1   | Acquired Vehumet's first power
 13152 | Lair:1   | Offered knowledge of Shock by Vehumet.
 13555 | Lair:1   | Noticed Fannar
 13770 | Lair:1   | HP: 2/50 [Fannar/quarterstaff of freezing (5)]
 13770 | Lair:1   | Slain by Fannar

Action                   |  1- 3 |  4- 6 |  7- 9 | 10-12 || total
-------------------------+-------+-------+-------+-------++-------
Melee: Unarmed           |       |     2 |       |       ||     2
       Flail             |       |       |    66 |     3 ||    69
 Fire: Blowgun           |       |    10 |     6 |     1 ||    17
 Cast: Magic Dart        |    85 |   162 |   256 |    82 ||   585
       Iskenderun's Batt |       |       |    43 |    20 ||    63
       Searing Ray       |       |       |       |     5 ||     5
  Use: Scroll            |       |     3 |     7 |     2 ||    12
       Potion            |       |     1 |     2 |       ||     3
 Stab: Distracted        |       |     3 |       |       ||     3
       Confused          |       |     1 |       |       ||     1
       Sleeping          |       |       |       |     1 ||     1
  Eat: Chunk             |     2 |     9 |    30 |     7 ||    48
       Pizza             |       |       |     2 |       ||     2
       Royal jelly       |       |       |       |     3 ||     3
